TOP OF THE 1ST |
Minnesota (NYP) Twins batting - Pitching for Everett AquaSox : RHP Ian Gaines
|
Pitching: RHP Ian Gaines
|
|
Batting: LHB Chris Munguia
|
0-0: Foul Ball, location: 2F 0-1: Ball 1-1: Swinging Strike 1-2: Strikes out looking
|
Batting: RHB David Nardone
|
0-0: Ball 1-0: Ground out 6-3 (Groundball, 6, EV 86.9 MPH)
|
Batting: RHB Miguel Diaz
|
0-0: Foul Ball, location: 2F 0-1: Called Strike 0-2: Ball 1-2: Ball 2-2: Ball 3-2: Reached on error, E5 (Groundball, 5S, EV 61.9 MPH)
|
Batting: RHB Jose Nunez
|
0-0: Ball 1-0: Fly out, F8 (Flyball, 78D, EV 101.3 MPH)
|
Top of the 1st over - 0 runs, 0 hits, 1 error, 1 left on base; Minnesota (NYP) 0 - Everett 0 |
BOTTOM OF THE 1ST |
Everett AquaSox batting - Pitching for Minnesota (NYP) Twins : RHP Dean Huch
|
Pitching: RHP Dean Huch
|
|
Batting: RHB Mike Conaway
|
0-0: Called Strike 0-1: Ball 1-1: Foul Ball, location: 2F 1-2: Ball 2-2: Fly out, F8 (Flyball, 8LM, EV 85.0 MPH)
|
Batting: RHB Heihachiro Fujita
|
0-0: Called Strike 0-1: Ball 1-1: Ball 2-1: Fly out, F9 (Flyball, 9LM, EV 86.3 MPH)
|
Batting: RHB Tze-meng Li
|
0-0: Ball 1-0: Called Strike 1-1: Foul Ball, location: 2F 1-2: Ball 2-2: Ball 3-2: Foul Ball, location: 2F 3-2: Strikes out swinging
|
Bottom of the 1st over - 0 runs, 0 hits, 0 errors, 0 left on base; Minnesota (NYP) 0 - Everett 0 |
TOP OF THE 2ND |
Minnesota (NYP) Twins batting - Pitching for Everett AquaSox : RHP Ian Gaines
|
Batting: RHB Michael McDonald
|
0-0: Ball 1-0: Called Strike 1-1: Hit by Pitch
|
Batting: RHB Sean Gould
|
0-0: Fielders Choice at 2nd, 3-6 (Groundball, 34, EV 86.3 MPH)
|
Batting: RHB Graham Calvert
|
0-0: Swinging Strike 0-1: Ball 1-1: Called Strike 1-2: SINGLE (Line Drive, 5D, EV 98.1 MPH) Sean Gould to second
|
Batting: RHB Tony Crespo
|
0-0: Ball 1-0: Ball 2-0: Ball 3-0: Base on Balls Sean Gould to third Graham Calvert to second
|
Batting: SHB Donell Burney
|
0-0: Ball 1-0: Swinging Strike 1-1: Fielders Choice at 2nd, 3-6 (Groundball, 3, EV 91.3 MPH) Sean Gould scores Graham Calvert to third
|
Batting: LHB Chris Munguia
|
0-0: Swinging Strike 0-1: Ball 1-1: Ball 2-1: Ball 3-1: Foul Ball, location: 2F 3-2: Strikes out swinging
|
Top of the 2nd over - 1 run, 1 hit, 0 errors, 2 left on base; Minnesota (NYP) 1 - Everett 0 |
BOTTOM OF THE 2ND |
Everett AquaSox batting - Pitching for Minnesota (NYP) Twins : RHP Dean Huch
|
Batting: RHB Chris Olheiser
|
0-0: Ground out 4-3 (Groundball, 34, EV 105.0 MPH)
|
Batting: LHB Taki Matsui
|
0-0: Called Strike 0-1: Called Strike 0-2: Ball 1-2: Strikes out swinging, 2-3 out at first.
|
Batting: RHB Ivan Davila
|
0-0: Foul Ball, location: 2F 0-1: Ground out 5-3 (Groundball, 56, EV 88.8 MPH)
|
Bottom of the 2nd over - 0 runs, 0 hits, 0 errors, 0 left on base; Minnesota (NYP) 1 - Everett 0 |
TOP OF THE 3RD |
Minnesota (NYP) Twins batting - Pitching for Everett AquaSox : RHP Ian Gaines
|
Pitching: RHP Dave McGee
|
|
Batting: RHB David Nardone
|
0-0: Fly out, F5 (Line Drive, 5, EV 71.9 MPH)
|
Batting: RHB Miguel Diaz
|
0-0: Called Strike 0-1: Ball 1-1: DOUBLE (Line Drive, 7LM, EV 95.6 MPH)
|
Batting: RHB Jose Nunez
|
0-0: Called Strike 0-1: Foul Ball, location: 2F 0-2: Ball 1-2: Ball 2-2: Ball 3-2: Ground out 5-3 (Groundball, 5, EV 98.1 MPH)
|
Batting: RHB Michael McDonald
|
0-0: Ball 1-0: Foul Ball, location: 2F 1-1: Swinging Strike 1-2: Ball 2-2: Foul Ball, location: 2F 2-2: Ball 3-2: Foul Ball, location: 2F 3-2: Foul Ball, location: 2F 3-2: SINGLE (Groundball, 34D, EV 103.1 MPH) Miguel Diaz to third Runner from 3rd tries for Home, SAFE, throw by RF to home
|
Batting: RHB Sean Gould
|
0-0: Ball 1-0: Ball 2-0: Ball 3-0: Called Strike 3-1: Foul Ball, location: 2F 3-2: Ground out 4-3 (Groundball, 4, EV 87.5 MPH)
|
Top of the 3rd over - 1 run, 2 hits, 0 errors, 1 left on base; Minnesota (NYP) 2 - Everett 0 |
BOTTOM OF THE 3RD |
Everett AquaSox batting - Pitching for Minnesota (NYP) Twins : RHP Dean Huch
|
Batting: RHB Chris Van Niel
|
0-0: Called Strike 0-1: Swinging Strike 0-2: Fly out, F7 (Flyball, 7LS, EV 78.8 MPH)
|
Batting: RHB David Greene
|
0-0: Ball 1-0: Ground out 6-3 (Groundball, 56, EV 88.1 MPH)
|
Batting: RHB Victor Rosas
|
0-0: Ball 1-0: Ball 2-0: Ball 3-0: Called Strike 3-1: Base on Balls
|
Pitching: RHP Kevin Colgin
|
|
Batting: RHB Mike Conaway
|
0-0: Ball 1-0: Swinging Strike 1-1: Ball 2-1: Foul Ball, location: 2F 2-2: Strikes out swinging
|
Bottom of the 3rd over - 0 runs, 0 hits, 0 errors, 1 left on base; Minnesota (NYP) 2 - Everett 0 |
TOP OF THE 4TH |
Minnesota (NYP) Twins batting - Pitching for Everett AquaSox : RHP Dave McGee
|
Batting: RHB Graham Calvert
|
0-0: Ball 1-0: Ball 2-0: Ball 3-0: Called Strike 3-1: Called Strike 3-2: Strikes out swinging
|
Batting: RHB Tony Crespo
|
0-0: Called Strike 0-1: Ball 1-1: Foul Ball, location: 2F 1-2: Strikes out swinging
|
Batting: SHB Donell Burney
|
0-0: Ground out 4-3 (Groundball, 4, EV 106.3 MPH)
|
Top of the 4th over - 0 runs, 0 hits, 0 errors, 0 left on base; Minnesota (NYP) 2 - Everett 0 |
BOTTOM OF THE 4TH |
Everett AquaSox batting - Pitching for Minnesota (NYP) Twins : RHP Kevin Colgin
|
Batting: RHB Heihachiro Fujita
|
0-0: Ball 1-0: Ball 2-0: Ball 3-0: Called Strike 3-1: Foul Ball, location: 2F 3-2: Base on Balls
|
Batting: RHB Tze-meng Li
|
0-0: Foul Ball, location: 2F 0-1: Ball 1-1: Foul Ball, location: 2F 1-2: Grounds into double play, 5-4-3 (Groundball, 5, EV 76.9 MPH)
|
Batting: RHB Chris Olheiser
|
0-0: Ball 1-0: Called Strike 1-1: Ball 2-1: Fly out, F8 (Line Drive, 8LM, EV 96.3 MPH)
|
Bottom of the 4th over - 0 runs, 0 hits, 0 errors, 0 left on base; Minnesota (NYP) 2 - Everett 0 |
TOP OF THE 5TH |
Minnesota (NYP) Twins batting - Pitching for Everett AquaSox : RHP Dave McGee
|
Batting: LHB Chris Munguia
|
0-0: Ball 1-0: Called Strike 1-1: Ball 2-1: Swinging Strike 2-2: Foul Ball, location: 2F 2-2: Foul Ball, location: 2F 2-2: Strikes out swinging
|
Batting: RHB David Nardone
|
0-0: Ball 1-0: Ball 2-0: SINGLE (Groundball, 6MD, EV 104.4 MPH)
|
Batting: RHB Miguel Diaz
|
0-0: Ball David Nardone steals 2nd base 1-0: Ball 2-0: Called Strike 2-1: Foul Ball, location: 2F 2-2: Foul Ball, location: 2F 2-2: Strikes out swinging
|
Pitching: RHP Joe Pruitt
|
|
Batting: RHB Jose Nunez
|
0-0: Single, Error in OF, E8, batter to second base (Line Drive, 8LS, EV 100.0 MPH) David Nardone scores
|
Batting: RHB Michael McDonald
|
0-0: Fly out, F3 (Popup, 34, EV 69.4 MPH)
|
Top of the 5th over - 1 run, 2 hits, 1 error, 1 left on base; Minnesota (NYP) 3 - Everett 0 |
BOTTOM OF THE 5TH |
Everett AquaSox batting - Pitching for Minnesota (NYP) Twins : RHP Kevin Colgin
|
Batting: LHB Taki Matsui
|
0-0: Ball 1-0: SINGLE (Groundball, 34, EV 103.1 MPH) (infield hit)
|
Batting: RHB Ivan Davila
|
0-0: Fly out, F8 (Flyball, 8RM, EV 76.3 MPH)
|
Batting: RHB Chris Van Niel
|
0-0: Foul Ball, location: 2F 0-1: Foul Ball, location: 2F 0-2: Foul Ball, location: 2F 0-2: Strikes out swinging
|
Batting: RHB David Greene
|
0-0: Foul Ball, location: 2F 0-1: Ball 1-1: Ball 2-1: Swinging Strike 2-2: Ball 3-2: Strikes out swinging
|
Bottom of the 5th over - 0 runs, 1 hit, 0 errors, 1 left on base; Minnesota (NYP) 3 - Everett 0 |
TOP OF THE 6TH |
Minnesota (NYP) Twins batting - Pitching for Everett AquaSox : RHP Joe Pruitt
|
Batting: RHB Sean Gould
|
0-0: Ground out 6-3 (Groundball, 6, EV 105.0 MPH)
|
Batting: RHB Graham Calvert
|
0-0: Ball 1-0: Swinging Strike 1-1: Foul Ball, location: 2F 1-2: Ball 2-2: Strikes out swinging
|
Batting: RHB Tony Crespo
|
0-0: Called Strike 0-1: Ball 1-1: Foul Ball, location: 2F 1-2: Strikes out swinging
|
Top of the 6th over - 0 runs, 0 hits, 0 errors, 0 left on base; Minnesota (NYP) 3 - Everett 0 |
BOTTOM OF THE 6TH |
Everett AquaSox batting - Pitching for Minnesota (NYP) Twins : RHP Kevin Colgin
|
Batting: RHB Victor Rosas
|
0-0: Called Strike 0-1: Ball 1-1: Called Strike 1-2: Strikes out swinging
|
Batting: RHB Mike Conaway
|
0-0: Ball 1-0: Ball 2-0: DOUBLE (Line Drive, 7LM, EV 105.0 MPH)
|
Batting: RHB Heihachiro Fujita
|
0-0: Fly out, F9 (Flyball, 9LM, EV 76.9 MPH)
|
Batting: RHB Tze-meng Li
|
0-0: Ball 1-0: Ball 2-0: Ground out 5-3 (Groundball, 56, EV 91.3 MPH)
|
Bottom of the 6th over - 0 runs, 1 hit, 0 errors, 1 left on base; Minnesota (NYP) 3 - Everett 0 |
TOP OF THE 7TH |
Minnesota (NYP) Twins batting - Pitching for Everett AquaSox : RHP Joe Pruitt
|
Batting: SHB Donell Burney
|
0-0: Called Strike 0-1: Fly out, F7 (Line Drive, 7, EV 91.3 MPH)
|
Batting: LHB Chris Munguia
|
0-0: Foul Ball, location: 2F 0-1: TRIPLE (Flyball, 89XD, EV 93.8 MPH)
|
Batting: RHB David Nardone
|
0-0: Called Strike 0-1: Ball 1-1: Ball 2-1: Single, Error in OF, E8, batter to second base (Groundball, 6MD, EV 100.0 MPH) Chris Munguia scores
|
Batting: RHB Miguel Diaz
|
0-0: Ball 1-0: Ground out 6-3 (Groundball, 6M, EV 81.3 MPH) David Nardone to third
|
Batting: RHB Jose Nunez
|
0-0: Called Strike 0-1: Called Strike 0-2: Foul Ball, location: 2F 0-2: SINGLE (Popup, 6MD, EV 66.9 MPH) David Nardone scores
|
Batting: RHB Michael McDonald
|
0-0: Ball 1-0: Foul Ball, location: 2F 1-1: Foul Ball, location: 2F 1-2: Foul Ball, location: 2F 1-2: Ball 2-2: Fly out, F9 (Line Drive, 9, EV 93.8 MPH)
|
Top of the 7th over - 2 runs, 3 hits, 1 error, 1 left on base; Minnesota (NYP) 5 - Everett 0 |
BOTTOM OF THE 7TH |
Everett AquaSox batting - Pitching for Minnesota (NYP) Twins : RHP Kevin Colgin
|
Batting: RHB Chris Olheiser
|
0-0: Ball 1-0: Fly out, F7 (Flyball, 7S, EV 91.3 MPH)
|
Batting: LHB Taki Matsui
|
0-0: Ball 1-0: Foul Ball, location: 2F 1-1: Called Strike 1-2: Ball 2-2: Strikes out looking
|
Pitching: RHP Matt Lundy
|
|
Batting: RHB Ivan Davila
|
0-0: Called Strike 0-1: Called Strike 0-2: Ball 1-2: Ground out 6-3 (Groundball, 6, EV 86.9 MPH)
|
Bottom of the 7th over - 0 runs, 0 hits, 0 errors, 0 left on base; Minnesota (NYP) 5 - Everett 0 |
TOP OF THE 8TH |
Minnesota (NYP) Twins batting - Pitching for Everett AquaSox : RHP Joe Pruitt
|
Batting: RHB Sean Gould
|
0-0: Ball 1-0: Swinging Strike 1-1: Ground out 6-3 (Groundball, 6, EV 81.9 MPH)
|
Batting: RHB Graham Calvert
|
0-0: Called Strike 0-1: Ground out U3 (Groundball, 34, EV 92.5 MPH)
|
Batting: RHB Tony Crespo
|
0-0: Ground out 1-3 (Groundball, 13S, EV 66.3 MPH)
|
Top of the 8th over - 0 runs, 0 hits, 0 errors, 0 left on base; Minnesota (NYP) 5 - Everett 0 |
BOTTOM OF THE 8TH |
Everett AquaSox batting - Pitching for Minnesota (NYP) Twins : RHP Matt Lundy
|
Batting: RHB Chris Van Niel
|
0-0: Called Strike 0-1: Ball 1-1: SOLO HOME RUN (Flyball, 7LD, EV 95.6 MPH), Distance : 336 ft
|
Pinch Hitting: RHB Danny Pujols
|
0-0: Called Strike 0-1: Ball 1-1: Ball 2-1: Ball 3-1: Base on Balls
|
Batting: RHB Victor Rosas
|
0-0: Fielders Choice at 2nd, 5-4 (Groundball, 56, EV 104.4 MPH)
|
Batting: RHB Mike Conaway
|
0-0: Swinging Strike 0-1: Swinging Strike 0-2: Ball 1-2: SINGLE (Line Drive, 56, EV 96.9 MPH) Victor Rosas to second
|
Batting: RHB Heihachiro Fujita
|
0-0: Called Strike 0-1: Ball 1-1: Ball 2-1: Fielders Choice at 2nd, 4-6 (Groundball, 4S, EV 86.9 MPH) Victor Rosas to third
|
Batting: RHB Tze-meng Li
|
0-0: Called Strike 0-1: Called Strike 0-2: Fly out, F9 (Flyball, 9LM, EV 79.4 MPH)
|
Bottom of the 8th over - 1 run, 2 hits, 0 errors, 2 left on base; Minnesota (NYP) 5 - Everett 1 |
TOP OF THE 9TH |
Minnesota (NYP) Twins batting - Pitching for Everett AquaSox : RHP Joe Pruitt
|
Pitching: LHP Alex Villagran
|
|
Now at 2B: Tze-meng Li
|
|
Now at 3B: Danny Pujols
|
|
Batting: SHB Donell Burney
|
0-0: Swinging Strike 0-1: Foul Ball, location: 2F 0-2: Foul Ball, location: 2F 0-2: Ball 1-2: Foul Ball, location: 2F 1-2: Strikes out swinging
|
Pinch Hitting: RHB Michel Martineau
|
0-0: Ground out 4-3 (Groundball, 4S, EV 67.5 MPH)
|
Batting: RHB David Nardone
|
0-0: Called Strike 0-1: Ball 1-1: Foul Ball, location: 2F 1-2: Ball 2-2: Foul Ball, location: 2F 2-2: Ball 3-2: Foul Ball, location: 2F 3-2: Hit by Pitch
|
Batting: RHB Miguel Diaz
|
0-0: DOUBLE (Line Drive, 89D, EV 105.6 MPH) David Nardone to third Runner from 3rd tries for Home, SAFE, throw by RF to trailing runner, OUT at third! 9-3-5
|
Top of the 9th over - 1 run, 1 hit, 0 errors, 0 left on base; Minnesota (NYP) 6 - Everett 1 |
BOTTOM OF THE 9TH |
Everett AquaSox batting - Pitching for Minnesota (NYP) Twins : RHP Matt Lundy
|
Now in RF: Alex Loaiza
|
|
Batting: RHB Chris Olheiser
|
0-0: Ball 1-0: DOUBLE (Line Drive, 8RXD, EV 101.3 MPH)
|
Batting: LHB Taki Matsui
|
0-0: Ground out 5-3 (Groundball, 5, EV 81.3 MPH)
|
Batting: RHB Ivan Davila
|
0-0: Foul Ball, location: 2F 0-1: Ball 1-1: TRIPLE (Flyball, 78XD, EV 110.0 MPH) Chris Olheiser scores
|
Batting: RHB Chris Van Niel
|
0-0: Ball 1-0: Ball 2-0: Ball 3-0: Called Strike 3-1: Ground out 4-3 (Groundball, 13, EV 78.1 MPH) Ivan Davila scores
|
Batting: RHB Danny Pujols
|
0-0: Ball 1-0: Foul Ball, location: 2F 1-1: SINGLE (Groundball, 34D, EV 98.8 MPH)
|
Batting: RHB Victor Rosas
|
0-0: Swinging Strike 0-1: Ball 1-1: Called Strike 1-2: Ball 2-2: Foul Ball, location: 2F 2-2: Fly out, F8 (Line Drive, 8LD, EV 95.0 MPH)
|
Bottom of the 9th over - 2 runs, 3 hits, 0 errors, 1 left on base; Minnesota (NYP) 6 - Everett 3 |
|